AoeStats
← Moh

Hill Fort

504200736Analyzed
2v2 RM · 28d ago on Sep 4, 2026· 103m 30s· 4 players
Game mode
Random Map
Map size
Medium (4 player)
Population
200
Speed
Normal
Resources
Standard
Victory
Conquest
Starting age
Dark Age
Ending age
Imperial Age
RankedLock teamsTeams togetherTeam positionsShared explorationLock speedFull tech treeHidden civsTurbo modeCheats
Victory
Defeat
🇨🇳 Ethiopians · China
1087
+15
🇺🇸 Portuguese · United States
1077
+15
🇨🇭 Gurjaras · Switzerland
1096
-16
🇸🇦 Poles · Saudi Arabia
1034
-14
Little Cancer
10:42 Feudal Age
12:51 Loom
15:40 Castle Age
13:54 Double-Bit Axe
14:10 Horse Collar
19:12 Bow Saw
25:17 Heavy Plow
26:26 Husbandry
27:15 Gold Mining
28:04 Stone Mining
29:25 Stone Shaft Mining
29:30 Gold Shaft Mining
30:08 Fletching
30:28 Forging
30:24 Scale Barding Armor
30:50 Bloodlines
32:02 Wheelbarrow
34:09 Imperial Age
31:25 Town Watch
32:28 Town Patrol
32:52 Ballistics
33:13 Iron Casting
33:36 Chain Barding Armor
33:12 Bodkin Arrow
34:36 Kshatriyas
35:10 Frontier Guards
35:34 Plate Barding Armor
35:08 Elite Shrivamsha Rider
36:29 Conscription
42:13 Bracer
42:15 Scale Mail Armor
42:06 Arson
42:37 Caravan
45:21 Chain Mail Armor
44:51 Elite Chakram Thrower
46:45 Light Cavalry
50:47 Padded Archer Armor
50:47 Bracer
50:43 Elite Skirmisher
52:17 Leather Archer Armor
56:00 Thumb Ring
57:25 Chemistry
57:40 Thumb Ring
58:11 Hand Cart
60:10 Thumb Ring
65:07 Siege Elephant
73:53 Hussar
Moh
5:49 Loom
11:41 Feudal Age
13:13 Double-Bit Axe
14:48 Horse Collar
15:20 Double-Bit Axe
19:46 Castle Age
19:21 Gold Mining
21:15 Bow Saw
24:42 Bloodlines
24:47 Scale Barding Armor
25:23 Forging
28:22 Stone Mining
28:51 Heavy Plow
30:46 Husbandry
35:58 Imperial Age
35:03 Chain Barding Armor
35:19 Iron Casting
36:04 Stone Shaft Mining
35:55 Szlachta Privileges
36:30 Cavalier
48:31 Blast Furnace
47:32 Scale Mail Armor
49:25 Elite Obuch
52:55 Chain Mail Armor
66:57 Plate Mail Armor
Poopass
6:22 Loom
9:19 Feudal Age
9:49 Gold Mining
9:45 Double-Bit Axe
11:54 Horse Collar
17:41 Castle Age
15:48 Stone Mining
22:08 Heavy Plow
22:29 Bow Saw
25:18 Fervor
31:12 Wheelbarrow
31:20 Crossbowman
31:22 Pikeman
33:39 Hand Cart
33:11 Town Watch
36:49 Imperial Age
34:48 Fletching
35:30 Thumb Ring
37:05 Arbalester
37:19 Elite Organ Gun
38:28 Conscription
38:43 Bodkin Arrow
39:19 Ballistics
41:05 Chemistry
41:49 Scale Mail Armor
42:00 Forging
42:28 Crop Rotation
43:01 Two-Man Saw
42:32 Padded Archer Armor
42:49 Chain Mail Armor
42:25 Halberdier
43:53 Iron Casting
43:20 Bracer
45:05 Caravan
46:19 Guilds
46:32 Masonry
46:27 Siege Engineers
46:04 Treadmill Crane
46:35 Fortified Wall
46:20 Murder Holes
46:19 Elite Skirmisher
49:34 Architecture
49:25 Bombard Tower
49:08 Arson
49:09 Gambesons
50:00 Plate Mail Armor
50:31 Blast Furnace
50:28 Leather Archer Armor
50:19 Scale Barding Armor
56:25 Man-at-Arms
57:53 Guard Tower
57:30 Long Swordsman
58:23 Two-Handed Swordsman
60:07 Ring Archer Armor
59:20 Champion
60:50 Husbandry
61:00 Bloodlines
60:26 Cavalier
60:26 Light Cavalry
63:13 Chain Barding Armor
63:34 Keep
65:08 Town Patrol
66:46 Plate Barding Armor
68:54 Arquebus
85:48 Onager
Call me Ji Ye
7:29 Loom
10:03 Feudal Age
16:41 Castle Age
15:17 Double-Bit Axe
15:33 Stone Mining
19:22 Wheelbarrow
23:45 Hand Cart
30:13 Imperial Age
27:38 Horse Collar
28:22 Gold Mining
28:29 Crossbowman
29:14 Thumb Ring
29:41 Bow Saw
29:52 Fletching
30:03 Padded Archer Armor
30:59 Arbalester
31:38 Bodkin Arrow
31:58 Leather Archer Armor
32:42 Ballistics
33:29 Gold Shaft Mining
32:56 Bracer
33:09 Forging
34:32 Chemistry
33:59 Squires
33:40 Capped Ram
34:45 Heavy Plow
35:42 Conscription
36:14 Town Watch
36:30 Siege Ram
39:21 Arson
39:05 Halberdier
41:28 Stone Shaft Mining
43:48 Town Patrol
44:53 Two-Man Saw
52:45 Iron Casting
52:15 Scale Barding Armor
52:12 Scale Mail Armor
52:42 Ring Archer Armor
52:30 Guilds
54:11 Blast Furnace
53:36 Husbandry
52:57 Light Cavalry
55:07 Hussar
56:28 Elite Skirmisher
57:59 Caravan
79:44 Siege Engineers
Connection lost

Rejoining the realm…

Still unreachable

The connection could not be restored.

Session expired

The server has moved on; the page needs a fresh start.